Map: Amygdala

Players

Serral - Winner!

  • Race: Zerg Zerg
  • League: Master
  • Spawn Location: 7:00

BabyMarine

  • Race: Terran Terran
  • Spawn Location: 1:00

Event: HomeStory Cup XXVI

VOD

Have the link to the VOD?

Description

Time

  • Played on: Nov. 30, 2024, 2:46 p.m.
  • Length: 17:09

All games in this series

Show
View Real Time Build Order
Export as new Build Order

Serral Zerg - Winner!

Build Orders: Hatch First 

Get SALT Encoding   

  12  0:00  Drone  
  13  0:11  Overlord  
  13  0:16  Drone  
  14  0:30  Drone x2  
  16  0:45  Hatchery  
  16  0:49  Drone  
  16  0:52  Drone  
  16  0:55  Drone  
  18  1:06  Extractor  
  18  1:11  Spawning Pool  
  16  1:13  Drone  
  16  1:17  Drone  
  18  1:27  Drone  
  19  1:37  Drone  
  20  1:49  Drone  
  21  1:57  Queen  
  21  1:58  Queen  
  21  1:59  Zergling x2  
  21  2:00  Zergling x2  
  27  2:11  Overlord, Metabolic Boost  
  27  2:12  Drone  
  28  2:26  Hatchery  
  28  2:28  Drone  
  28  2:31  Drone  
  28  2:33  Drone  
  28  2:37  Drone  
  31  2:44  Queen  
  31  2:49  Overlord  
  33  2:52  Drone  
  33  2:53  Drone  
  33  2:56  Drone  
  36  3:05  Overlord  
  36  3:08  Drone x3  
  36  3:11  Drone  
  40  3:13  Drone  
  40  3:17  Queen  
  40  3:19  Drone  
  44  3:23  Drone  
  45  3:28  Queen  
  45  3:30  Drone  
  48  3:37  Drone  
  48  3:40  Queen  
  51  3:41  Overlord  
  51  3:43  Drone  
  51  3:44  Drone  
  51  3:47  Drone  
  51  3:48  Drone  
  55  3:52  Drone x3  
  58  4:00  Roach Warren  
  58  4:01  Zergling x2  
  57  4:03  Zergling x4  
  57  4:05  Overlord  
  57  4:08  Drone  
  57  4:09  Drone  
  61  4:12  Overlord  
  61  4:15  Drone x2  
  61  4:16  Drone  
  64  4:19  Drone  
  64  4:20  Overlord  
  65  4:24  Overlord  
  65  4:26  Drone  
  65  4:28  Lair  
  66  4:31  Zergling x2  
  66  4:33  Zergling x2  
  66  4:35  Drone  
  69  4:38  Drone  
  70  4:47  Zergling x4  
  70  4:48  Drone x5  
  70  4:51  Drone  
  78  4:56  Drone  
  78  4:57  Spore Crawler  
  78  4:59  Extractor  
  77  5:00  Drone x5  
  77  5:01  Spore Crawler  
  77  5:02  Spore Crawler  
  80  5:08  Zergling x2  
  80  5:11  Drone x2  
  83  5:17  Evolution Chamber  
  83  5:18  Evolution Chamber, Extractor  
  83  5:19  Hatchery  
  83  5:21  Drone  
  80  5:23  Drone x2  
  80  5:27  Glial Reconstitution, Overseer  
  82  5:28  Drone x6  
  82  5:29  Overseer  
  82  5:32  Drone  
  82  5:34  Overlord  
  89  5:38  Overlord, Extractor x2  
  89  5:39  Extractor  
  89  5:40  Queen  
  89  5:42  Drone  
  84  5:51  Drone x5  
  84  5:55  Drone  
  87  5:57  Zerg Missile Weapons Level 1  
  87  6:04  Drone x5  
  87  6:06  Zerg Ground Armor Level 1  
  87  6:08  Drone x4  
  96  6:13  Hatchery  
  96  6:15  Infestation Pit  
  96  6:16  Drone x4, Baneling Nest  
  96  6:17  Overlord  
  97  6:21  Overlord  
  97  6:27  Spore Crawler  
  97  6:28  Roach x4, Extractor  
  103  6:34  Roach x3  
  103  6:37  Overlord  
  109  6:41  Queen  
  109  6:43  Overlord x4  
  109  6:46  Roach  
  113  6:50  Roach x3  
  119  6:55  Overlord  
  119  6:57  Roach x3  
  119  6:59  Hive  
  125  7:02  Centrifugal Hooks  
  125  7:04  Drone x3  
  125  7:06  Ravager x3  
  125  7:07  Roach  
  133  7:11  Overlord  
  133  7:12  Zergling x10  
  138  7:20  Drone  
  139  7:23  Zergling x6  
  139  7:27  Overlord  
  142  7:31  Zergling x8  
  142  7:35  Zergling x14  
  147  7:40  Ravager  
  147  7:42  Zergling x2  
  149  7:46  Hatchery, Zergling x8  
  149  7:50  Spore Crawler  
  149  7:51  Queen  
  153  7:53  Zerg Melee Weapons Level 1  
  153  7:55  Baneling x8  
  153  7:56  Baneling x5  
  153  7:57  Baneling  
  153  7:58  Drone x4  
  155  7:59  Drone x2  
  155  8:01  Zergling x12  
  155  8:04  Zerg Ground Armor Level 2  
  155  8:05  Baneling x4  
  165  8:12  Zergling x14  
  171  8:17  Drone  
  171  8:18  Zergling x14  
  173  8:22  Viper x2  
  173  8:24  Adrenal Glands  
  178  8:31  Zergling x12  
  184  8:42  Zergling x20  
  184  8:44  Hatchery  
  184  8:45  Ravager x3  
  196  8:51  Overlord  
  194  8:59  Zergling x10  
  199  9:06  Hydralisk Den  
  199  9:08  Drone  
  199  9:13  Burrow  
  199  9:18  Baneling  
  199  9:19  Baneling x3  
  199  9:20  Hatchery  
  198  9:25  Drone  
  190  9:34  Zergling x16  
  190  9:35  Zergling x10  
  199  9:40  Spore Crawler  
  199  9:41  Muscular Augments  
  199  9:45  Overseer x5  
  198  9:48  Lurker Den  
  193  9:56  Zergling x14  
  194  10:00  Zergling x16  
  194  10:06  Zerg Melee Weapons Level 2  
  199  10:08  Hatchery  
  198  10:18  Neural Parasite  
  198  10:22  Drone  
  198  10:24  Pneumatized Carapace  
  198  10:25  Drone, Queen x2  
  186  10:39  Zergling x26  
  199  10:45  Grooved Spines  
  199  10:48  Seismic Spines  
  199  10:49  Zerg Ground Armor Level 3  
  199  10:50  Baneling x11  
  199  11:14  Ravager x3  
  194  11:26  Zergling x12  
  194  11:30  Baneling x5  
  194  11:31  Baneling x2  
  195  11:37  Zergling x10  
  200  11:45  Adaptive Talons  
  191  11:47  Zergling x16  
  191  11:48  Zergling x2  
  192  12:11  Zergling x36  
  192  12:14  Zergling x2  
  192  12:15  Zergling x16  
  200  12:20  Hatchery  
  195  12:26  Baneling x8  
  193  12:35  Viper x2  
  199  12:38  Baneling x13  
  199  12:41  Baneling x2  
  199  12:43  Zerg Missile Weapons Level 2  
  199  13:11  Overseer x3  
  197  13:18  Zergling x42  
  195  13:23  Zergling x24  
  195  13:26  Zerg Melee Weapons Level 3  
  196  13:30  Zergling x14  
  196  13:38  Baneling x3  
  196  13:48  Zergling x8  
  196  14:01  Zergling x46  
  196  14:02  Unknown  
  181  14:05  Zergling x54  
  199  14:13  Baneling x15  
  199  14:24  Baneling x6, Extractor  
  198  14:25  Drone x2, Extractor  
  199  14:38  Zergling x24  
  199  14:41  Hatchery  
  175  14:46  Hydralisk x8  
  175  14:47  Hydralisk x2, Zergling x2  
  175  14:48  Zergling x12  
  175  14:52  Baneling x9  
  199  14:57  Viper x3  
  192  15:11  Zergling x26  
  192  15:12  Zergling x30  
  193  15:15  Zergling x4  
  193  15:19  Zergling x4  
  181  15:23  Zergling x32  
  181  15:26  Zergling x2  
  188  15:32  Zergling x6  
  188  15:33  Zergling x16  
  188  15:35  Zergling x4  
  191  15:38  Baneling x12  
  191  15:39  Baneling  
  191  15:42  Zergling x12  
  197  15:55  Zergling x4  
  199  16:01  Zergling x10  
  199  16:02  Zergling x46  
  199  16:04  Zergling x4  
  199  16:10  Zergling x10  
  184  16:16  Zergling x12  
  186  16:20  Zergling x2  
  186  16:21  Zergling x2  
  186  16:24  Baneling x17  
  186  16:25  Zergling x2  
  186  16:26  Zergling x6  
  186  16:29  Drone x2  
  186  16:30  Drone x3, Spore Crawler x2  
  186  16:31  Zergling x12  
  199  16:33  Baneling x7  
  187  16:49  Zergling x2  
  187  16:50  Zergling x52  
Show
View Real Time Build Order
Export as new Build Order

BabyMarine Terran 

Build Orders: Reaper Expand, Hellion Banshee 

Get SALT Encoding   

  12  0:00  SCV  
  13  0:12  SCV  
  14  0:17  Supply Depot  
  14  0:24  SCV  
  15  0:38  SCV  
  15  0:40  Barracks  
  16  0:43  Refinery  
  16  0:50  SCV  
  17  1:02  SCV  
  18  1:14  SCV  
  19  1:26  Reaper  
  19  1:27  Orbital Command  
  20  1:38  Command Center  
  20  1:46  Supply Depot  
  20  1:53  SCV  
  21  1:58  Marine  
  22  2:06  SCV  
  23  2:08  Factory  
  23  2:18  SCV  
  23  2:20  Barracks Reactor  
  24  2:30  SCV  
  25  2:37  Command Center  
  25  2:42  SCV  
  26  2:50  Orbital Command  
  26  2:56  Refinery, SCV  
  27  3:01  Starport  
  27  3:07  Hellion  
  27  3:12  Hellion  
  31  3:14  SCV  
  31  3:18  SCV  
  33  3:20  Barracks Tech Lab  
  33  3:26  SCV  
  34  3:28  Hellion  
  34  3:30  SCV  
  34  3:34  Hellion  
  39  3:38  SCV  
  40  3:44  SCV  
  40  3:45  Banshee  
  44  3:50  SCV  
  44  3:52  Orbital Command  
  44  3:53  Cloaking Field  
  45  3:56  SCV  
  45  4:00  Barracks Tech Lab, Hellion  
  48  4:05  Hellion  
  48  4:06  SCV  
  48  4:08  SCV  
  52  4:15  Supply Depot  
  52  4:18  Supply Depot, SCV x2  
  52  4:21  SCV  
  55  4:28  Banshee  
  55  4:30  SCV  
  55  4:31  SCV  
  60  4:32  Stimpack  
  60  4:34  Barracks  
  60  4:36  SCV  
  61  4:43  Supply Depot, Barracks  
  61  4:44  Factory Reactor  
  61  4:45  Orbital Command  
  61  4:47  SCV  
  62  4:54  SCV  
  62  4:57  Marine  
  62  4:59  Engineering Bay  
  64  5:00  Engineering Bay, Refinery x2  
  64  5:01  Supply Depot  
  64  5:03  SCV  
  64  5:07  SCV  
  66  5:14  SCV  
  66  5:17  Barracks x2  
  66  5:18  Supply Depot  
  67  5:25  Marine  
  67  5:27  Marine x2  
  70  5:28  SCV  
  70  5:29  SCV  
  70  5:30  SCV  
  70  5:32  Supply Depot  
  71  5:36  Siege Tank  
  71  5:37  Starport Reactor  
  71  5:41  SCV, Marine  
  71  5:42  Marine  
  77  5:43  Marine  
  77  5:48  Marine  
  77  5:49  SCV, Marine  
  79  5:50  SCV  
  73  5:58  Supply Depot  
  73  5:59  Marine x2  
  73  6:00  Terran Infantry Weapons Level 1, Terran Infantry Armor Level 1  
  73  6:02  SCV  
  73  6:04  Supply Depot  
  76  6:07  Barracks Reactor x2  
  76  6:08  SCV x2  
  78  6:12  Marine x2  
  78  6:13  Combat Shield, Marine  
  78  6:14  Supply Depot  
  78  6:17  Marine  
  78  6:18  SCV  
  83  6:19  Medivac, Marine  
  83  6:20  SCV  
  83  6:23  Supply Depot  
  87  6:29  Medivac  
  87  6:30  Marine  
  90  6:34  Marine x2  
  90  6:35  SCV x2, Marine  
  90  6:37  Marine  
  96  6:42  Marine  
  96  6:44  Siege Tank  
  96  6:45  Command Center  
  100  6:47  Refinery x2  
  100  6:49  Marine x4  
  100  6:51  Marine  
  100  6:52  Marine  
  100  6:53  Marine  
  107  7:00  Medivac  
  109  7:05  Sensor Tower  
  109  7:06  SCV x3  
  109  7:08  Sensor Tower  
  112  7:10  Marine  
  112  7:11  Marine x4  
  112  7:12  Factory, Marine  
  112  7:15  Marine x2  
  120  7:19  Medivac, Marine  
  123  7:23  Siege Tank  
  123  7:26  SCV x3  
  123  7:28  Marine x2  
  131  7:31  Armory  
  128  7:37  Marine x7  
  128  7:43  SCV  
  136  7:44  Supply Depot  
  136  7:45  Supply Depot, Medivac  
  136  7:48  SCV x2  
  136  7:50  Marine  
  141  7:56  Marine x3  
  144  7:59  Factory Tech Lab  
  144  8:03  Supply Depot, Siege Tank  
  144  8:05  Factory  
  147  8:06  Marine x5  
  147  8:08  Marine  
  153  8:14  SCV, Marine  
  150  8:21  Marine x2  
  150  8:22  Siege Tank  
  150  8:24  Marine x2  
  150  8:25  Terran Infantry Weapons Level 2  
  155  8:28  SCV  
  155  8:29  SCV x2  
  155  8:30  Planetary Fortress  
  158  8:37  Siege Tank  
  158  8:39  Terran Infantry Armor Level 2  
  158  8:40  Terran Vehicle Weapons Level 1  
  161  8:44  SCV  
  162  8:48  Refinery  
  162  8:50  Marine x5  
  162  8:51  Refinery, Marine x2  
  167  8:56  Drilling Claws  
  167  8:57  Factory Reactor  
  167  9:00  Siege Tank  
  172  9:05  Command Center  
  170  9:11  Barracks, Siege Tank  
  170  9:12  Barracks x2  
  173  9:19  SCV  
  174  9:26  Ghost Academy, Marine  
  174  9:27  Marine x2, Marauder  
  172  9:32  Marine x2  
  172  9:36  Siege Tank  
  167  9:39  Liberator x2  
  173  9:48  Marauder  
  173  9:49  Siege Tank  
  173  9:51  Widow Mine  
  180  9:55  Widow Mine, SCV x2  
  176  10:00  SCV x2  
  176  10:03  Barracks Tech Lab  
  176  10:04  Barracks Tech Lab x2  
  172  10:08  SCV x2  
  172  10:13  Ghost  
  177  10:14  Widow Mine, Command Center  
  177  10:17  Siege Tank  
  177  10:18  Command Center  
  182  10:25  SCV  
  180  10:33  Siege Tank  
  180  10:34  Widow Mine  
  180  10:35  SCV  
  172  10:37  Ghost x2  
  172  10:38  Ghost  
  172  10:42  Missile Turret x2  
  181  10:46  Ghost  
  181  10:47  Missile Turret  
  184  10:58  Terran Vehicle Weapons Level 2  
  181  11:08  Siege Tank  
  181  11:09  Siege Tank  
  193  11:13  Barracks Tech Lab  
  193  11:15  SCV x2  
  192  11:21  Widow Mine  
  194  11:26  Viking x2, Widow Mine  
  194  11:30  Ghost x2  
  187  11:33  Terran Infantry Weapons Level 3, Terran Infantry Armor Level 3  
  187  11:37  SCV x2  
  186  11:43  SCV x2  
  185  11:49  SCV x2  
  183  11:56  Orbital Command x2  
  183  12:00  Ghost x2  
  189  12:02  Widow Mine x2  
  189  12:04  Siege Tank  
  192  12:12  Marauder x2, Marine x2  
  192  12:13  SCV  
  170  12:16  Ghost  
  173  12:25  SCV x2  
  173  12:27  Siege Tank  
  173  12:28  Widow Mine x2, Ghost  
  184  12:39  Planetary Fortress  
  184  12:42  Sensor Tower, Ghost x2  
  190  12:53  Command Center  
  190  12:54  Siege Tank  
  190  12:55  Widow Mine x2  
  190  12:58  Personal Cloaking  
  197  13:01  Sensor Tower  
  197  13:11  Factory  
  197  13:13  Factory  
  197  13:15  Orbital Command  
  197  13:17  Widow Mine x2  
  183  13:43  Terran Vehicle Weapons Level 3  
  183  13:46  Supply Depot x3  
  183  13:58  Ghost  
  183  14:00  Ghost  
  183  14:01  Ghost x2  
  183  14:02  SCV  
  173  14:03  Orbital Command  
  173  14:08  Ghost  
  175  14:10  Siege Tank  
  175  14:12  SCV x2  
  175  14:15  Supply Depot x2, Orbital Command  
  180  14:17  Factory Reactor, Factory Tech Lab  
  180  14:23  Widow Mine x2  
  184  14:26  Orbital Command  
  184  14:29  SCV  
  184  14:30  SCV x2  
  187  14:31  SCV  
  187  14:32  SCV  
  162  14:41  Refinery  
  162  14:42  SCV  
  162  14:44  Siege Tank, Refinery  
  146  14:45  Marine  
  146  14:46  Marauder x5, Marine x5  
  146  14:48  Siege Tank, Widow Mine x2  
  166  14:54  SCV x2  
  166  14:55  SCV x2  
  166  14:57  SCV  
  172  15:00  Command Center, SCV  
  172  15:01  Widow Mine  
  172  15:02  Orbital Command  
  172  15:03  Marine  
  172  15:06  SCV  
  175  15:07  Marauder x3  
  170  15:15  Marauder x2, Marine x2  
  170  15:16  Siege Tank, SCV  
  170  15:17  SCV x2  
  170  15:19  Marine x2  
  170  15:20  Orbital Command, Marine  
  171  15:21  Marine  
  171  15:22  SCV x2  
  155  15:28  Marauder  
  155  15:29  Marauder x2  
  155  15:32  Marine x2  
  151  15:37  Marine x2, Marauder x2  
  151  15:38  Marine  
  151  15:39  Marine  
  151  15:41  Widow Mine x2  
  151  15:42  Siege Tank  
  166  15:43  Widow Mine  
  166  15:44  Widow Mine  
  166  15:46  SCV x2  
  166  15:48  Siege Tank  
  177  15:50  Marine x2, Marauder x3  
  177  15:55  Marine  
  177  15:56  Marine x2  
  186  15:58  Marauder x2  
  186  16:02  SCV  
  171  16:05  Marine  
  171  16:07  SCV x2  
  171  16:08  Marine  
  171  16:10  Widow Mine x2  
  174  16:11  Marauder x3  
  174  16:14  Siege Tank  
  181  16:19  Marauder x2  
  181  16:21  Orbital Command  
  181  16:25  Medivac x2  
  189  16:26  Siege Tank  
  194  16:33  Marauder x2  
  192  16:48  Marine  
  192  16:49  Marine x2  
  192  16:51  Marine x2  
Tags
 
Add a new tag
Caveats
  • Supply blocks, unpowered buildings, or Contaminate may cause inaccurate times.
  • Supply counts are checked every 10 seconds.